 Dungeon Crawl Stone Soup version 0.25-a0-310-g60f0ac2d9a (webtiles) character file.

Game seed: 9669421846398191308, levelgen mode: deterministic

28660 TreWolfie the Blocker (level 13, -3/67 HPs)
             Began as a Vine Stalker Fighter on Dec 24, 2019.
             Was the Champion of Fedhas.
             Succumbed to a redback's poison
             ... on level 1 of the Spider Nest.
             The game lasted 00:50:00 (9647 turns).

TreWolfie the Blocker (Vine Stalker Fighter)        Turns: 9647, Time: 00:50:01

Health: -3/67      AC: 28    Str: 20    XL:     13   Next: 40%
Magic:  1/14       EV: 10    Int:  8    God:    Fedhas [******]
Gold:   814        SH: 23    Dex: 18    Spells: 12/12 levels left

rFire    . . .     SeeInvis +   j - +8 dagger (drain)
rCold    . . .     Gourm    .   x - +4 large shield {AC+3}
rNeg     + . .     Faith    .   J - +7 chain mail of Absence {Slay+3}
rPois    .         Spirit   +   F - +2 helmet of the Land of Plenty {rN+ Regen+ SInv}
rElec    .         Reflect  .   i - +1 cloak
rCorr    +         Harm     .   w - +0 pair of gloves
MR       +....                  g - +0 pair of boots
Stlth    ..........             (no amulet)
HPRegen  1.41/turn              I - ring of resist corrosion
MPRegen  0.14/turn              (no ring)

@: lethally poisoned (-3 -> -28)
A: fangs 3, regeneration 2, magic shield, antimagic bite, no potion heal 3, rot
immunity
a: Wall of Briars, Grow Ballistomycete, Overgrow, Grow Oklob, Renounce Religion


You were on level 1 of the Spider Nest.
You worshipped Fedhas.
Fedhas was exalted by your worship.
You were not hungry.

You visited 3 branches of the dungeon, and saw 14 of its levels.
You also visited: Gauntlet.

You collected 1151 gold pieces.
You spent 337 gold pieces at shops.

Inventory:

Hand Weapons
 j - a +8 dagger of draining (weapon)
Missiles
 H - 13 poisoned darts (quivered)
Armour
 g - a +0 pair of boots (worn)
 i - a +1 cloak (worn)
 w - a +0 pair of gloves (worn)
 x - a +4 large shield of protection (worn)
 F - the +2 helmet of the Land of Plenty (worn) {rN+ Regen+ SInv}
   (You found it in a Gauntlet)

   It protects you from negative energy.
   It lets you see invisible.
   It increases your rate of regeneration.
 J - the +7 chain mail of Absence (worn) {Slay+3}
   (You found it on level 4 of the Lair of Beasts)

   It affects your accuracy and damage with ranged weapons and melee attacks
   (+3).
Magical Staves
 u - an uncursed staff of air
Jewellery
 I - a ring of resist corrosion (left hand)
Wands
 p - a wand of polymorph (13)
 r - a wand of digging (7)
 v - a wand of paralysis (7)
 z - a wand of flame (31)
 D - a wand of iceblast (7)
 E - a wand of acid (12)
Scrolls
 a - a scroll of immolation {unknown}
 b - 2 scrolls of magic mapping
 d - a scroll of amnesia
 l - 4 scrolls of fog
 m - a scroll of fear
 n - 4 scrolls of remove curse
 o - 2 scrolls of blinking
 s - 8 scrolls of teleportation
 y - a scroll of vulnerability {unknown}
 B - a scroll of holy word
Potions
 c - a potion of magic
 e - 2 potions of flight
 h - a potion of invisibility
 k - 2 potions of agility
 q - 2 potions of might
 t - 2 potions of haste {unknown}
 A - a potion of curing {unknown}
 G - 3 potions of berserk rage {unknown}
Miscellaneous
 L - a lightning rod (4/4)
Comestibles
 f - 26 rations


   Skills:
 + Level 7.2 Fighting
 + Level 9.1 Short Blades
   Level 2.3 Axes
 + Level 1.9 Staves
 + Level 0.7 Throwing
 + Level 6.7 Armour
 + Level 7.3 Dodging
 + Level 3.7 Stealth
 + Level 12.9 Shields
 + Level 2.0 Unarmed Combat
 + Level 0.3 Evocations


You had 12 spell levels left.
You didn't know any spells.
Your spell library contained the following spells:

 Spells                   Type           Power        Failure   Level  Hunger
 Beastly Appendage        Tmut           #.....       100%        1    ##.....
 Shock                    Conj/Air       #...         100%        1    ##.....
 Sticks to Snakes         Tmut           #.......     100%        2    ###....
 Swiftness                Chrm/Air       #.......     100%        2    ###....
 Spider Form              Tmut/Pois      #.........   100%        3    ####...
 Static Discharge         Conj/Air       #.......     100%        3    ####...
 Airstrike                Air            #.........   100%        4    #####..
 Ice Form                 Ice/Tmut       #.......     100%        4    #####..
 Blade Hands              Tmut           #.........   100%        5    ######.
 Lightning Bolt           Conj/Air       #.........   100%        5    ######.


Dungeon Overview and Level Annotations

Branches:
Dungeon (9/15)             Temple (0/1) D:4            Lair (4/6) D:9
 Spider (1/4) Lair:4      Gauntlet (visited)
  Swamp: Lair:2-4    Shoals: Lair:2-4       Orc: D:9-12

Altars:
Dithmenos
Fedhas
Kikubaaqudgha
Nemelex Xobeh
Trog
Uskayaw
Vehumet
Yredelemnul
The Shining One

Shops:
D:5 =   D:6 [   D:7 :   D:8 [}:}


Innate Abilities, Weirdness & Mutations

You have razor-sharp teeth.
You heal very quickly.
When hurt, damage is shared between your health and your magic reserves.
Your bite disrupts and absorbs the magic of your enemies.
Potions cannot restore your health.
You are immune to rotting.


Message History

You feel very sick.
You block the jumping spider's attack. x2
You feel strangely stable.
Your magical effects are unravelling.
You feel magically purged.
Your magical contamination has completely faded away.
You flicker back into view.
* * * LOW HITPOINT WARNING * * *
You feel very sick.
The redback bites you but does no damage.
You block the redback's attack. You block the jumping spider's attack.
The jumping spider bites you but does no damage.
The redback bites you.
* * * LOW HITPOINT WARNING * * *
Unknown command.
As you read the scroll of fear, it crumbles to dust.
You assume a fearsome visage.
The jumping spider looks frightened! x4
The redback looks frightened! x2
You die...
Fedhas appreciates your contribution to the ecosystem.

#..#...#### #...#...##
# #.#......# .s
#.....#.... ##°.
#..#>#.####.. #..
......#...^######.# #
#...#.......#ss...#....
##########.ssss........
###@####.^##>. ### ##


You could see 4 jumping spiders and 2 redbacks.

Vanquished Creatures
  Gastronok (Lair:2)
  A minotaur (Gauntlet)
  Harold (Lair:2)
  A catoblepas (Lair:4)
  A hydra (Lair:3)
  2 two-headed ogres
  A wizard (Gauntlet)
  A wolf spider (Spider:1)
  A salamander (shapeshifter) (Gauntlet)
  Joseph (Lair:1)
  A worldbinder (Gauntlet)
  2 torpor snails (Spider:1)
  3 black mambas
  4 spiny frogs
  2 rime drakes (Lair:3)
  3 komodo dragons
  8 jumping spiders
  A troll (shapeshifter) (Gauntlet)
  A troll (D:9)
  A polar bear (Lair:3)
  5 hippogriffs
  5 blink frogs (Lair:3)
  Sigmund (D:5)
  4 tarantellas (Spider:1)
  A human (shapeshifter) (D:9)
  21 redbacks
  16 yaks
  A wyvern (Lair:3)
  2 basilisks (Lair:3)
  A warg (shapeshifter) (Gauntlet)
  Edmund (D:4)
  5 water moccasins
  A porcupine (Lair:2)
  A phantom (D:3)
  2 ice beasts
  2 black bears (D:9)
  An orc warrior (D:6)
  A sky beast (D:7)
  2 necrophages
  A tengu (shapeshifter) (Gauntlet)
  9 wolves (Lair:3)
  3 boggarts (Gauntlet)
  4 centaurs
  5 crocodiles
  A big kobold (D:5)
  Blork the orc (D:5)
  19 bullfrogs
  A gnoll sergeant (D:9)
  2 scorpions (D:6)
  3 wights (D:9)
  4 howler monkeys
  An electric eel (Lair:4)
  2 crimson imps
  A bullfrog zombie (D:5)
  A quasit (D:8)
  5 hounds
  Crazy Yiuf (D:5)
  A gnoll shaman (D:4)
  A jelly (D:5)
  A centaur skeleton (D:7)
  An orc priest (D:7)
  3 orc wizards
  5 iguanas
  Ijyb (D:3)
  2 worker ants
  2 killer bee zombies
  9 gnolls
  5 adders
  3 shadow imps
  A white imp (Gauntlet)
  An ooze (D:3)
  3 adder skeletons
  6 worms
  A dart slug (D:1)
  9 leopard geckos
  10 orcs
  4 bats
  4 giant cockroaches
  8 goblins
  3 hobgoblins
  11 jackals
  3 quokkas
  3 ball pythons
  2 frilled lizards
  2 gnoll zombies (D:4)
  29 kobolds
  2 leopard gecko skeletons
  8 rats
318 creatures vanquished.

Vanquished Creatures (others)
  7 fungi
  2 plants
9 creatures vanquished.

Grand Total: 327 creatures vanquished

Notes
Turn   | Place    | Note
-------+----------+-------------------------------------------
     0 | D:1      | TreWolfie the Vine Stalker Fighter began the quest for the
                  | Orb.
     0 | D:1      | Reached XP level 1. HP: 11/11 MP: 2/2
   241 | D:1      | Reached XP level 2. HP: 13/16 MP: 3/3
   673 | D:2      | Reached XP level 3. HP: 20/20 MP: 4/4
   927 | D:2      | Reached skill level 3 in Shields
  1407 | D:3      | Noticed Ijyb
  1418 | D:3      | Killed Ijyb
  1418 | D:3      | Reached skill level 1 in Short Blades
  1418 | D:3      | Gained mutation: Your natural rate of healing is unusually
                  | fast. [Vine Stalker growth]
  1418 | D:3      | Reached XP level 4. HP: 19/24 MP: 3/5
  2117 | D:3      | Found a blossoming altar of Fedhas.
  2137 | D:3      | Noticed an oklob plant
  2144 | D:3      | Became a worshipper of Fedhas Madash
  2268 | D:4      | Found a staircase to the Ecumenical Temple.
  2273 | D:4      | Noticed a centaur
  2278 | D:4      | Noticed a phantom
  2280 | D:4      | Noticed Edmund
  2339 | D:3      | HP: 1/24 [phantom (5)]
  2347 | D:3      | Killed a phantom
  2347 | D:3      | Reached XP level 5. HP: 6/28 MP: 3/6
  2397 | D:4      | Killed a centaur
  2397 | D:4      | Reached skill level 1 in Dodging
  2397 | D:4      | Reached XP level 6. HP: 23/32 MP: 7/7
  2407 | D:4      | Killed Edmund
  2407 | D:4      | Reached skill level 1 in Stealth
  2564 | D:4      | Found a glowing golden altar of the Shining One.
  2661 | D:4      | Reached * piety under Fedhas
  2661 | D:4      | Reached XP level 7. HP: 36/36 MP: 8/8
  2858 | D:4      | Found a basalt altar of Yredelemnul.
  3013 | D:5      | Entered Level 5 of the Dungeon
  3020 | D:5      | Reached skill level 4 in Shields
  3370 | D:5      | Reached ** piety under Fedhas
  3438 | D:5      | Found Lishrause's Jewellery Emporium.
  3460 | D:5      | Found a shadowy altar of Dithmenos.
  3563 | D:5      | Noticed Sigmund
  3582 | D:5      | Killed Sigmund
  3582 | D:5      | Reached skill level 1 in Staves
  3582 | D:5      | Gained mutation: You have razor-sharp teeth. [Vine Stalker
                  | growth]
  3582 | D:5      | Reached XP level 8. HP: 32/42 MP: 9/9
  3686 | D:5      | Found a sparkling altar of Nemelex Xobeh.
  3755 | D:5      | Found an ancient bone altar of Kikubaaqudgha.
  3819 | D:5      | Noticed Blork the orc
  3858 | D:5      | Killed Blork the orc
  3972 | D:5      | Found a runed translucent door.
  3973 | D:5      | Noticed Crazy Yiuf
  3985 | D:5      | Killed Crazy Yiuf
  3985 | D:5      | Reached skill level 5 in Shields
  4179 | D:6      | Reached skill level 1 in Unarmed Combat
  4270 | D:6      | Noticed a yak
  4280 | D:6      | Killed a yak
  4280 | D:6      | Reached XP level 9. HP: 38/46 MP: 10/10
  4442 | D:6      | Reached *** piety under Fedhas
  4809 | D:6      | Found Boza's Armour Shoppe.
  4815 | D:6      | Bought a +2 large shield of protection for 279 gold pieces
  5015 | D:7      | Reached skill level 6 in Shields
  5030 | D:7      | Reached skill level 5 in Short Blades
  5273 | D:7      | Found Jobudy's Book Emporium.
  5410 | D:8      | Found Jaejeo's Gadget Shop.
  5427 | D:8      | Found Lucum's Book Shoppe.
  5440 | D:8      | Noticed a two-headed ogre
  5454 | D:8      | Killed a two-headed ogre
  5454 | D:8      | Reached skill level 5 in Armour
  5454 | D:8      | Reached skill level 7 in Shields
  5533 | D:8      | Reached XP level 10. HP: 50/51 MP: 11/11
  5554 | D:8      | Found Mewo's Gadget Emporium.
  5660 | D:8      | Found Uppiwid's Armour Boutique.
  5665 | D:8      | Bought a +0 pair of gloves for 58 gold pieces
  5775 | D:8      | Found a radiant altar of Vehumet.
  5779 | D:8      | Reached skill level 5 in Fighting
  5845 | D:8      | Found a hide-covered altar of Uskayaw.
  5902 | D:9      | Found a bloodstained altar of Trog.
  5974 | D:9      | Found a staircase to the Lair.
  5999 | D:9      | Reached **** piety under Fedhas
  5999 | D:9      | Reached skill level 8 in Shields
  6265 | D:9      | Noticed a two-headed ogre
  6284 | D:9      | Killed a two-headed ogre
  6482 | Lair:1   | Entered Level 1 of the Lair of Beasts
  6709 | Lair:1   | Noticed Joseph
  6736 | Lair:1   | Killed Joseph
  6736 | Lair:1   | Reached skill level 5 in Dodging
  6736 | Lair:1   | Reached XP level 11. HP: 53/56 MP: 10/12
  6738 | Lair:1   | Reached skill level 9 in Shields
  7025 | Lair:2   | Noticed Harold
  7053 | Lair:2   | Killed Harold
  7101 | Lair:2   | Found a gate leading to a gauntlet.
  7299 | Lair:2   | Noticed Gastronok
  7316 | Lair:2   | Killed Gastronok
  7316 | Lair:2   | Reached skill level 10 in Shields
  7367 | Lair:2   | Reached ***** piety under Fedhas
  7509 | Gauntlet | Entered a Gauntlet
  7509 | Gauntlet | Found a runed translucent door.
  7509 | Gauntlet | Found a transporter.
  7509 | Gauntlet | Found a runed translucent door.
  7509 | Gauntlet | Found a transporter.
  7509 | Gauntlet | Noticed a worldbinder
  7511 | Gauntlet | Found a transporter.
  7514 | Gauntlet | Found a transporter.
  7532 | Gauntlet | Found a transporter.
  7537 | Gauntlet | Noticed a wizard
  7540 | Gauntlet | Found a transporter.
  7544 | Gauntlet | Found a transporter.
  7546 | Gauntlet | Noticed an anaconda
  7546 | Gauntlet | Noticed a spark wasp
  7546 | Gauntlet | an anaconda changed into a spark wasp
  7552 | Gauntlet | Found a transporter.
  7568 | Gauntlet | Noticed a fire crab
  7570 | Gauntlet | Found a runed translucent gate.
  7571 | Gauntlet | Found a transporter.
  7571 | Gauntlet | Found a runed translucent gate.
  7572 | Gauntlet | Found a runed translucent gate.
  7586 | Gauntlet | Found a transporter.
  7590 | Gauntlet | Found a transporter.
  7593 | Gauntlet | Noticed a death scarab
  7595 | Gauntlet | Noticed a spectral death yak
  7599 | Gauntlet | Found a transporter.
  7662 | Gauntlet | Killed a worldbinder
  7669 | Gauntlet | Noticed a death scarab
  7669 | Gauntlet | Noticed a death scarab
  7669 | Gauntlet | Noticed a death scarab
  7669 | Gauntlet | Noticed a death scarab
  7744 | Gauntlet | Paralysed by a wizard for 6 turns
  7754 | Gauntlet | Killed a wizard
  7776 | Gauntlet | Noticed a glowing orange brain
  7778 | Gauntlet | Noticed a lindwurm
  7778 | Gauntlet | a glowing orange brain changed into a lindwurm
  7780 | Gauntlet | Noticed a salamander
  7780 | Gauntlet | a lindwurm changed into a salamander
  7809 | Gauntlet | Killed a salamander
  7820 | Gauntlet | Gained mutation: You heal very quickly. [Vine Stalker
                  | growth]
  7820 | Gauntlet | Reached XP level 12. HP: 28/62 MP: 13/13
  7829 | Gauntlet | Got a dazzling helmet
  7862 | Gauntlet | Identified the +2 helmet of the Land of Plenty {rN+ Regen+
                  | SInv} (You found it in a Gauntlet)
  7905 | Gauntlet | Noticed a minotaur
  7917 | Gauntlet | Killed a minotaur
  8000 | Lair:3   | Reached skill level 11 in Shields
  8067 | Lair:3   | Noticed a four-headed hydra
  8082 | Lair:3   | Killed a four-headed hydra
  8501 | Lair:3   | Reached skill level 12 in Shields
  8746 | Lair:4   | Found a hole to the Spider Nest.
  8922 | Lair:4   | Noticed a catoblepas
  8968 | Lair:4   | Killed a catoblepas
  9002 | Lair:4   | Got a slimy chain mail
  9003 | Lair:4   | Identified the +7 chain mail of Absence {Slay+3} (You found
                  | it on level 4 of the Lair of Beasts)
  9033 | Lair:4   | Reached XP level 13. HP: 67/67 MP: 14/14
  9397 | Spider:1 | Entered Level 1 of the Spider Nest
  9548 | Spider:1 | Reached ****** piety under Fedhas
  9646 | Spider:1 | HP: 2/67 [poisoned by a redback]
  9647 | Spider:1 | Succumbed to a redback's poison

Levels and vault maps discovered:
D:1:      lightli_arrival_lavapool, layout_loops_ring
D:2:      layout_loops_ring, first_ration
D:3:      layout_basic, tgw_fedhas, uniq_ijyb
D:4:      cheibrodos_old_hovel, layout_cave_pools,
          lemuel_zombie_altar_yredelemnul, minmay_temple_entry_mini_moons,
          tso_metal_star, uniq_edmund
D:5:      kennysheep_kobold_camp, layout_basic, lemuel_coloured_pillars_altar,
          nemelex_xobeh_ov_fountains_minmay, nicolae_dithmenos_shadow_blocks,
          serial_shops, shop, uniq_sigmund, uniq_blork_the_orc,
          uniq_crazy_yiuf_cottage
D:6:      minmay_cornered_nines, layout_basic, serial_shops, shop
D:7:      layout_rooms, serial_shops, shop
D:8:      layout_rooms, lemuel_doored_altar, old_standard_altar, serial_shops,
          shop, shop, kennysheep_little_box, nicolae_shop_trees
D:9:      layout_rooms, trog_ov_bears_minmay, david_lair_shrubbed
Lair:1:   layout_hall_layers, serial_bayou_pond_c, uniq_joseph
Lair:2:   layout_gridlike, minmay_swamp_entry_worms, gauntlet_entry_generic,
          uniq_gastronok, uniq_harold
Lair:3:   layout_chaotic_city, chequers_serial_rivers_room_b,
          chequers_serial_rivers_micro_c, serial_bayou_shore_b,
          infiniplex_staircase_pool
Lair:4:   layout_loops_ring, spider_nest_entry_a, lookout_lair_type
Spider:1: layout_spider_delve, spiders_nest_spider_trap

Skill      XL: |  1  2  3  4  5  6  7  8  9 10 11 12 13 |
---------------+----------------------------------------+-----
Axes           | 2 |  2.3
Fighting       | 3 4 5 6 7 |  7.2
Shields        | 3 4 5 7 8 10 12 | 12.9
Short Blades   | 1 2 3 4 5 7 8 9 |  9.1
Armour         | 3 4 5 6 |  6.7
Dodging        | 1 2 4 5 7 |  7.3
Stealth        | 1 2 3 |  3.7
Staves         | 1 |  1.9
Unarmed Combat | 1 2 |  2.0
Throwing       | |  0.7
Evocations     | |  0.3

Action                   |  1- 3 |  4- 6 |  7- 9 | 10-12 | 13-15 || total
-------------------------+-------+-------+-------+-------+-------++-------
Melee: War axe           |    68 |       |       |       |       ||    68
       Bite              |    32 |    40 |   157 |   317 |    60 ||   606
       Dagger            |    37 |   113 |   368 |   759 |   135 ||  1412
       Staff             |       |       |    44 |       |       ||    44
       Unarmed           |       |       |    17 |       |       ||    17
Throw: Dart              |       |       |       |     4 |       ||     4
Evoke: Wand              |       |       |       |     3 |       ||     3
  Use: Scroll            |       |     8 |    12 |    12 |     3 ||    35
       Potion            |       |     1 |     4 |     1 |     2 ||     8
 Stab: Sleeping          |       |       |     1 |     1 |       ||     2
  Eat: Chunk             |     1 |     5 |     3 |     8 |     3 ||    20
       Ration            |       |       |     2 |     1 |       ||     3
Armor: Scale mail        |    24 |       |       |       |       ||    24
       Ring mail         |    13 |    68 |   152 |   235 |       ||   468
       Skin              |       |       |     5 |       |       ||     5
       Chain mail        |       |       |       |     2 |    55 ||    57
Dodge: Dodged            |    32 |    56 |   127 |   224 |    28 ||   467
Block: Shield            |    56 |    55 |   130 |       |       ||   241
       Large shield      |       |       |    87 |   800 |   161 ||  1048

Table legend:
 A = Non-vault XP
 B = Vault XP
 C = Vault XP percentage of total XP
 D = Non-vault monster count
 E = Vault monster count
 F = Vault count percentage of total count
                 A         B        C        D         E       F
            +---------+---------+-------+---------+---------+-------
      Total |   30818 |   10126 |  24.7 |     265 |      53 |  16.7
            +---------+---------+-------+---------+---------+-------
        D:1 |      32 |       0 |   0.0 |      19 |       0 |   0.0
        D:2 |      28 |       0 |   0.0 |      13 |       0 |   0.0
        D:3 |     167 |      35 |  17.3 |      14 |       1 |   6.7
        D:4 |     294 |     197 |  40.1 |      21 |       4 |  16.0
        D:5 |     381 |     490 |  56.3 |      18 |      24 |  57.1
        D:6 |    1080 |     339 |  23.9 |      22 |       3 |  12.0
        D:7 |     581 |       0 |   0.0 |      14 |       0 |   0.0
        D:8 |    1553 |       0 |   0.0 |      14 |       0 |   0.0
        D:9 |    2618 |     645 |  19.8 |      28 |       3 |   9.7
     Lair:1 |    2119 |     460 |  17.8 |      12 |       1 |   7.7
     Lair:2 |    1854 |    3008 |  61.9 |       7 |       2 |  22.2
     Lair:3 |    9674 |       0 |   0.0 |      45 |       0 |   0.0
     Lair:4 |    2239 |    1033 |  31.6 |       6 |       4 |  40.0
   Spider:1 |    8198 |       0 |   0.0 |      32 |       0 |   0.0
   Gauntlet |       0 |    3919 | 100.0 |       0 |      11 | 100.0
            +---------+---------+-------+---------+---------+-------
